 Dungeon Crawl Stone Soup version 0.28-a0-933-gdde70e7 (webtiles) character file.

Game seed: 10432417140635621520

973 Dorkslayer the Slasher (level 8, -1/48 HPs)
             Began as a Gargoyle Fighter on Nov 26, 2021.
             Slain by a wyvern (5 damage)
             ... on level 4 of the Dungeon on Nov 27, 2021.
             The game lasted 00:16:12 (5091 turns).

Dorkslayer the Slasher (Gargoyle Fighter)           Turns: 5091, Time: 00:16:13

Health: -1/48      AC: 15    Str: 22    XL:     8   Next: 16%
Magic:  8/8        EV: 10    Int: 14    God:
Gold:   354        SH:  4    Dex: 10    Spells: 7/7 levels left

rFire   . . .      SeeInvis .   a - +1 long sword
rCold   . . .      Faith    +   c - +0 buckler
rNeg    + . .      Spirit   .   b - +0 scale mail
rPois   ∞          Reflect  .   e - +1 hat
rElec   +          Harm     .   (no cloak)
rCorr   .          Rampage  .   f - +0 pair of gloves
Will    .....                   (no boots)
Stlth   ..........              i - amulet of faith
HPRegen 0.16/turn               p - +6 ring of intelligence
MPRegen 0.11/turn               v - ring of flight

@: flying
A: sickness immunity, AC +5, negative energy resistance 1, electricity
resistance, torment resistance 1, petrification resistance
a: no special abilities


You were on level 4 of the Dungeon.
You visited 1 branch of the dungeon, and saw 5 of its levels.

You collected 354 gold pieces.

Inventory:

Hand Weapons
 a - a +1 long sword (weapon)
Missiles
 l - 30 poisoned darts (quivered)
Armour
 b - a +0 scale mail (worn)
 c - a +0 buckler (worn)
 e - a +1 hat (worn)
 f - a +0 pair of gloves (worn)
Jewellery
 i - an amulet of faith (around neck)
 p - a +6 ring of intelligence (left hand)
 v - a ring of flight (right hand)
Scrolls
 g - 2 scrolls of immolation
 h - 2 scrolls of teleportation
 k - 2 scrolls of enchant armour {unknown}
 q - a scroll of fear {unknown}
 r - a scroll of magic mapping {unknown}
 t - a scroll of brand weapon {unknown}
Potions
 j - a potion of mutation
 m - a potion of ambrosia
 n - a potion of flight
 o - a potion of resistance {unknown}
 u - a potion of degeneration {unknown}


   Skills:
 + Level 4.7 Fighting
 + Level 6.2 Long Blades
 + Level 1.5 Throwing
 + Level 4.7 Armour
 + Level 1.4 Dodging
 + Level 0.4 Stealth
 + Level 4.8 Shields


You had 7 spell levels left.
You didn't know any spells.
Your spell library contained the following spells:

 Spells                   Type           Power      Damage    Failure   Level
 Slow                     Hex            0%         N/A       58%         1
 Confusing Touch          Hex            0%         N/A       91%         3
 Stone Arrow              Conj/Erth      0%         3d7       91%         3
 Vampiric Draining        Necr           0%         2d6       91%         3
 Animate Armour           Summ/Erth      0%         N/A       100%        4
 Lehudib's Crystal Spear  Conj/Erth      0%         10d2      100%        8


Dungeon Overview and Level Annotations

Branches:
Dungeon (5/15)
 Temple: D:4-7

Altars:


Innate Abilities, Weirdness & Mutations

You are immune to sickness and miasma.
Your stone body is resilient. (AC +5)
You are immune to poison.
You resist negative energy. (rN+)
You are resistant to electric shocks. (rElec)
You are resistant to unholy torment.
You are immune to petrification.


Message History

You slash the centaur!
You kill the centaur!
Your surroundings suddenly seem different.
You start resting.
A wyvern is nearby!
Throw: javelin
Press: ? - help, Q - select action, (/) - cycle Shift-Dir - straight line, f/p - wyvern
Aim: a wyvern (wandering, hasn't noticed you, 57% to hit)
You throw a javelin. The wyvern hisses angrily.
The javelin pierces through the wyvern!
The wyvern is moderately wounded.
Throw: 32 darts (poison)
Press: ? - help, Q - select action Shift-Dir - straight line, f/p - wyvern
Aim: a wyvern (moderately wounded, 57% to hit)
You throw a poisoned dart. The poisoned dart hits the wyvern.
The wyvern is poisoned.
The wyvern is moderately wounded.
Throw: 31 darts (poison)
Press: ? - help, Q - select action Shift-Dir - straight line, f/p - wyvern
Aim: a wyvern (moderately wounded, poisoned, 57% to hit)
You throw a poisoned dart.
The poisoned dart completely misses the wyvern.
You hit the wyvern.
The wyvern is heavily wounded.
The wyvern bites you!
The wyvern bites you but does no damage.
You hit the wyvern but do no damage.
The wyvern is heavily wounded.
The wyvern bites you. The wyvern closely misses you.
You hit the wyvern.
The wyvern is severely wounded.
The wyvern looks more healthy.
The wyvern bites you!
* * * LOW HITPOINT WARNING * * *
You closely miss the wyvern.
The wyvern is severely wounded.
The wyvern bites you!
* * * LOW HITPOINT WARNING * * *
The wyvern bites you.
You die...

##.#.# #.# ...#.# #.#
####.# #####.# .# #.#
#.....### .#
#.###########.#.#...## .#
#............).......# .#
#...#########.######.#
.###.#.##......#.#[####.#
.#...#.#..#...##@#...##.#
.#.###.#####(##.l#.).##.#
...# #.....#)#...#....#.##
##.###.##......#(#'.(.#..#
##.##..###.##.##..###.#..#
#......#.#..###((..####..#
##.###.#.'#..."###.......#
#†# #.#.#..###....####..#
#.# #.###.##.##..###.#..#


You could see a wyvern.

Vanquished Creatures
  A wyvern (D:4)
  A sky beast (D:3)
  2 ogres (D:4)
  A centaur (D:4)
  A scorpion (D:4)
  A killer bee (D:4)
  A hound (D:4)
  2 iguanas (D:4)
  A hound skeleton (D:4)
  10 gnolls
  7 adders
  A dart slug (D:2)
  3 orcs (D:4)
  3 bats
  4 endoplasms
  5 giant cockroaches
  21 hobgoblins
  4 jackals (D:3)
  11 kobolds
  4 quokkas
  8 ball pythons
  2 frilled lizards
  34 goblins
  6 rats
134 creatures vanquished.

Notes
Turn   | Place    | Note
-------+----------+-------------------------------------------
     0 | D:1      | Dorkslayer the Gargoyle Fighter began the quest for the
                  | Orb.
     0 | D:1      | Reached XP level 1. HP: 14/14 MP: 1/1
   102 | D:1      | Found a faded altar of an unknown god.
   286 | D:1      | Reached XP level 2. HP: 18/19 MP: 2/2
   369 | D:1      | Reached skill level 2 in Long Blades
  1133 | D:2      | Reached XP level 3. HP: 24/24 MP: 3/3
  1948 | D:3      | Reached XP level 4. HP: 14/29 MP: 4/4
  2107 | D:3      | Reached skill level 3 in Long Blades
  2263 | D:3      | Reached XP level 5. HP: 29/33 MP: 5/5
  2761 | D:3      | Noticed a sky beast
  2800 | D:3      | Killed a sky beast
  2801 | D:3      | Reached skill level 4 in Long Blades
  2801 | D:3      | Reached XP level 6. HP: 34/38 MP: 6/6
  3507 | D:4      | Reached skill level 1 in Dodging
  3508 | D:4      | Upgraded the game from 0.28-a0-925-gd5e1996 to
                  | 0.28-a0-933-gdde70e7
  3706 | D:4      | Reached skill level 5 in Long Blades
  3706 | D:4      | Reached XP level 7. HP: 41/44 MP: 7/7
  4154 | D:4      | Identified the amulet "Roirir" {Acrobat Harm Dex-5 Stlth+}
  4168 | D:4      | Identified the +2 robe of Compression {rElec rPois Slay-2
                  | Archmagi}
  4206 | D:4      | Reached skill level 1 in Throwing
  4525 | D:5      | Entered Level 5 of the Dungeon
  4531 | D:5      | Noticed a wyvern
  4533 | D:5      | Noticed a wyvern
  4749 | D:4      | Killed a wyvern
  4750 | D:4      | Reached skill level 6 in Long Blades
  4750 | D:4      | Reached XP level 8. HP: 9/48 MP: 8/8
  5091 | D:4      | Slain by a wyvern

Illustrated notes

Levels and vault maps discovered:
D:1:      erik_arrival_blinker_ship, layout_loops_ring,
          hellmonk_ecumenical_altar_blasted, glass_columns_a, dk_noncrumbling_2,
          hangedman_glass_teeth, minmay_domino_2
D:2:      layout_basic, chequers_serial_rivers_small_a
D:3:      minmay_goblin_kobold_castle, layout_loops_ring
D:4:      layout_loops_ring, minmay_pentangle
D:5:      cheibrodos_fzero, layout_basic, nicolae_overflow_hidden_temple,
          minmay_temple_entry_statues

Skill      XL: |  1  2  3  4  5  6  7 |
---------------+----------------------+-----
Long Blades    | 2 3 4 5 6 |  6.2
Fighting       | 4 |  4.7
Armour         | 4 |  4.7
Shields        | 4 |  4.8
Dodging        | 1 |  1.4
Throwing       | 1 |  1.5
Stealth        | |  0.4

Action                   |  1- 3 |  4- 6 |  7- 9 || total
-------------------------+-------+-------+-------++-------
Melee: Long sword        |   116 |   205 |   101 ||   422
Throw: Dart              |     8 |     4 |     7 ||    19
       Javelin           |       |     7 |    10 ||    17
  Use: Scroll            |     7 |       |     2 ||     9
       Potion            |     1 |     3 |       ||     4
Armor: Scale mail        |    60 |   150 |    72 ||   282
Dodge: Dodged            |    61 |   114 |    81 ||   256
Block: Buckler           |    28 |    67 |    30 ||   125

Table legend: (Time is in decaauts)
 A = Elapsed time spent in this place.
 B = Non-inter-level travel time spent in this place.
 C = Inter-level travel time spent in this place.
 D = Time resting spent in this place.
 E = Time spent auto-exploring this place.
 F = Levels seen in this place.
 G = Mean time per level.
                   A        B        C        D        E       F      G
               +--------+--------+--------+--------+--------+-----+--------+
         Total |   5201 |   5201 |      0 |   1026 |    882 |   5 | 1040.2 |
       Dungeon |   5201 |   5201 |      0 |   1026 |    882 |   5 | 1040.2 |
               +--------+--------+--------+--------+--------+-----+--------+

Top non-repeatable levels by time:
     D:4: 1643 daAuts
     D:3: 1579 daAuts
     D:1: 1006 daAuts
     D:2: 950 daAuts
     D:5: 21 daAuts
